 Dungeon Crawl Stone Soup version 0.29.1-2-gbd0b4ee654 (webtiles) character file.

Game seed: 7351136039339714070

192970 safid the Crack Shot (level 17, -1/146 HPs)
             Began as a Minotaur Hunter on Oct 25, 2022.
             Was a High Priest of Okawaru.
             Slain by a naga warrior
             ... wielding a +0 battleaxe
              (22 damage)
             ... on level 1 of the Snake Pit.
             The game lasted 01:13:35 (27093 turns).

safid the Crack Shot (Minotaur Hunter)             Turns: 27093, Time: 01:13:35

Health: -1/146     AC: 24    Str: 17    XL:     17   Next: 62%
Magic:  25/25      EV: 19    Int: 12    God:    Okawaru [*****.]
Gold:   3517       SH:  0    Dex: 33    Spells: 22/24 levels left

rFire   + + .      SeeInvis +   f - +9 arbalest "Diyrph" {elec, rC+ Will+ Dex+4 Stlth-}
rCold   + + .      Faith    .   (shield currently unavailable)
rNeg    . . .      Spirit   .   s - +0 scale mail
rPois   +          Reflect  .   E - +2 hat
rElec   +          Harm     .   I - +3 cloak of Magic {Int+6 Dex+4}
rCorr   .          Rampage  .   k - +1 pair of gloves "Nuustrotu" {rC+ Dex+4}
Will    ++...      NoTele   +   G - +1 pair of boots of the Sea {-Tele rElec rPois rF+ SInv}
Stlth   ..........              K - amulet of regeneration
HPRegen 1.14/turn               h - ring of see invisible
MPRegen 0.19/turn               v - ring of protection from fire

@: constricted, studying Ranged Weapons
A: horns 2, retaliatory headbutt, iridescent scales 2
}: 1/15 runes: decaying
a: Renounce Religion, Heroism, Finesse, Duel


You were on level 1 of the Snake Pit.
You worshipped Okawaru.
Okawaru was extremely pleased with you.
You visited 6 branches of the dungeon, and saw 28 of its levels.

You collected 5186 gold pieces.
You spent 1669 gold pieces at shops.

Inventory:

Hand Weapons
 f - the +9 arbalest "Diyrph" (weapon) {elec, rC+ Will+ Dex+4 Stlth-}
   (You acquired it on level 9 of the Dungeon)

   Any ammunition fired from it occasionally discharges a powerful burst of
   electricity upon striking a foe.
   Dex:       It affects your dexterity (+4).
   rC:        It protects you from cold.
   Will:      It increases your willpower.
   Stlth:     It makes you less stealthy.
 J - the +10 dark maul {vorpal}
   (You took it off a two-headed ogre on level 2 of the Orcish Mines)

   It inflicts extra damage upon your enemies.
Missiles
 u - 8 silver javelins
 x - a javelin
 y - 2 throwing nets
Armour
 k - the +1 pair of gloves "Nuustrotu" (worn) {rC+ Dex+4}
   (Okawaru gifted it to you on level 4 of the Swamp)

   Dex:       It affects your dexterity (+4).
   rC:        It protects you from cold.
 q - a +2 pair of gloves of dexterity
 s - a +0 scale mail (worn)
 E - a +2 hat (worn)
 F - a +2 pair of boots of rampaging
 G - the +1 pair of boots of the Sea (worn) {-Tele rElec rPois rF+ SInv}
   (Okawaru gifted it to you on level 4 of the Lair of Beasts)

   rF:        It protects you from fire.
   rElec:     It insulates you from electricity.
   rPois:     It protects you from poison.
   SInv:      It lets you see invisible.
   -Tele:     It prevents most forms of teleportation.
 I - the +3 cloak of Magic (worn) {Int+6 Dex+4}
   (Okawaru gifted it to you on level 5 of the Lair of Beasts)

   Int:       It affects your intelligence (+6).
   Dex:       It affects your dexterity (+4).
Jewellery
 d - a ring of flight
 h - a ring of see invisible (left hand)
 v - a ring of protection from fire (right hand)
 K - an amulet of regeneration (around neck)
Wands
 p - a wand of flame (56)
 r - a wand of digging (16)
 D - a wand of roots (14)
 M - a wand of paralysis (6)
 S - a wand of quicksilver (2)
 T - a wand of polymorph (5)
Scrolls
 e - 6 scrolls of blinking
 g - 2 scrolls of fog
 i - 2 scrolls of magic mapping
 m - 8 scrolls of enchant weapon
 n - 12 scrolls of identify
 t - 3 scrolls of fear
 z - 8 scrolls of enchant armour
 A - 14 scrolls of teleportation
 N - a scroll of brand weapon
Potions
 a - 9 potions of curing
 b - a potion of cancellation
 c - 2 potions of haste
 j - 5 potions of invisibility
 l - 8 potions of mutation
 o - 2 potions of heal wounds
 w - a potion of brilliance
 R - 3 potions of resistance
Miscellaneous
 H - a condenser vane
 L - a phial of floods


   Skills:
 + Level 12.2 Fighting
 + Level 21.8 Ranged Weapons
 - Level 12.0 Armour
 - Level 12.0 Dodging
 - Level 0.7 Stealth
 - Level 4.2 Spellcasting
 - Level 8.0 Translocations
 - Level 12.0 Invocations


You had 22 spell levels left.
You knew the following spells:

 Your Spells              Type           Power      Damage    Failure   Level
a - Blink                 Tloc           42%        N/A       3%          2

Your spell library contained the following spells:

 Spells                   Type           Power      Damage    Failure   Level
 Portal Projectile        Hex/Tloc       24%        N/A       32%         3
 Foxfire                  Conj/Fire      8%         2x1d4     50%         1
 Magic Dart               Conj           8%         1d3       50%         1
 Manifold Assault         Tloc           21%        N/A       50%         5
 Poisonous Vapours        Pois/Air       4%         N/A       63%         2
 Searing Ray              Conj           4%         2d4       63%         2
 Sublimation of Blood     Necr           2%         N/A       63%         2
 Wereblood                Tmut           2%         N/A       63%         2
 Conjure Flame            Conj/Fire      2%         6-21      86%         3
 Frozen Ramparts          Ice            4%         1d1       86%         3
 Inner Flame              Hex/Fire       2%         N/A       86%         3
 Corpse Rot               Necr/Pois/Air  2%         N/A       99%         4
 Flame Wave               Conj/Fire      2%         2d4       99%         4
 Fulminant Prism          Conj/Hex       1%         3d6       99%         4
 Ice Form                 Ice/Tmut       2%         N/A       99%         4
 Leda's Liquefaction      Hex/Erth       1%         N/A       99%         4
 Petrify                  Tmut/Erth      2%         N/A       99%         4
 Blade Hands              Tmut           1%         N/A       100%        5
 Irradiate                Conj/Tmut      1%         3d12      100%        5
 Lee's Rapid Deconstruct  Erth           1%         3d5*      100%        5
 Metabolic Englaciation   Hex/Ice        1%         N/A       100%        5
 Statue Form              Tmut/Erth      1%         N/A       100%        6
 Dragon Form              Tmut           1%         N/A       100%        7
 Storm Form               Tmut/Air       1%         N/A       100%        7
 Call Canine Familiar     Summ           Unusable   N/A       N/A         3
 Summon Ice Beast         Ice/Summ       Unusable   N/A       N/A         4
 Summon Hydra             Summ           Unusable   N/A       N/A         7

Dungeon Overview and Level Annotations

Branches:
Dungeon (15/15)            Temple (1/1) D:6            Lair (5/5) D:9
  Swamp (4/4) Lair:3        Snake (1/4) Lair:2        Slime (0/5) Lair:4
    Orc (2/2) D:9             Elf (0/3) Orc:2        Vaults (0/5) D:13
 Depths (0/4) D:15

Altars:
Ashenzari
Cheibriados
Dithmenos
Elyvilon
Fedhas
Gozag
Hepliaklqana
Kikubaaqudgha
Makhleb
Nemelex Xobeh
Okawaru
Qazlal
Ru
Sif Muna
Trog
Uskayaw
Vehumet
Wu Jian
Xom
Yredelemnul
Zin
The Shining One
Jiyva

Shops:
D:9 !   D:15 [   Orc:2 *((!   Snake:1 (

Annotations:
D:8 Amaemon
Lair:5 2 runed translucent doors


Innate Abilities, Weirdness & Mutations

You have a pair of horns on your head.
You reflexively headbutt those who attack you in melee.
You are mostly covered in iridescent scales. (AC +4)


Message History

Unknown command.
You shoot a bolt. The bolt hits the naga warrior!!
The naga warrior is heavily wounded.
The naga warrior completely misses you. The naga warrior grabs you.
The naga warrior constricts you.
Unknown command.
You shoot a bolt.
The bolt closely misses the naga warrior.
The naga spits poison at you. The splash of poison misses you.
The naga warrior hits you with a +0 battleaxe!
The naga warrior constricts you. The naga hits you but does no damage.
Unknown command.
You shoot a bolt. The bolt hits the naga warrior.
The naga warrior is heavily wounded.
The naga warrior spits poison at you. The splash of poison misses you.
The naga warrior hits you with a +0 battleaxe!
The naga warrior constricts you.
The naga hits you from afar with a +2 halberd of venom!!
You shoot a bolt. The bolt hits the naga warrior.
Lightning courses through the naga warrior!!
The naga warrior is almost dead.
The naga warrior hits you but does no damage.
The naga warrior constricts you.
The naga hits you from afar with a +2 halberd of venom!!
You are too injured to fight recklessly!
Unknown command.
You feel much better.
The naga warrior hits you with a +0 hand axe!!
The naga warrior hits you with a +0 battleaxe!!
* * * LOW HITPOINT WARNING * * *
The naga warrior constricts you.
* * * LOW HITPOINT WARNING * * *
The naga closely misses you.
You feel much better.
The naga warrior hits you with a +0 hand axe!!
* * * LOW HITPOINT WARNING * * *
The naga warrior hits you with a +0 battleaxe!!
You die...

#.....###......#.....$
##.####.##.#####......
#....................[
#.....#.......##......
#.....##..............
#.....<#.....##.......
###....####.## ..
##..## ... # #N@# ..##
###N# ... #.Np#
#####.pN# #
#.......###.h..
##......†...#
#..........N..
#.......NN.###
#.........N.N#


You could see 2 naga warriors, 2 humans and 2 nagas.

Vanquished Creatures
  A bone dragon (Swamp:4)
  A tentacled monstrosity (Swamp:3)
  Rupert (D:15)
  Gastronok (Lair:1)
  Donald (Swamp:1)
  Kirke (Snake:1)
  Roxanne (Swamp:1)
  Aizul (Snake:1)
  An orc warlord (Orc:2)
  A stone giant (D:15)
  2 eleionomae
  5 bunyips
  Azrael (D:14)
  A fire dragon (D:15)
  A vault guard (D:13)
  7 boulder beetles
  A rakshasa (D:14)
  10 hydras
  2 ghost crabs
  An ice dragon (D:14)
  3 ogre magi
  14 two-headed ogres
  4 alligators
  A catoblepas (Lair:5)
  6 centaur warriors
  3 tengu warriors
  10 slime creatures
  A spriggan berserker (Swamp:3)
  A deep elf knight (Swamp:3)
  2 shock serpents (Snake:1)
  An orc high priest (Orc:1)
  A fire crab (shapeshifter) (D:14)
  6 spriggans
  3 spriggan druids
  2 deep trolls (Orc:2)
  5 goliath frogs
  A death drake (shapeshifter) (D:13)
  5 skeletal warriors (D:14)
  8 bog bodies
  A spectral hydra (Swamp:4)
  3 swamp dragons
  2 lindwurms (Lair:5)
  An orc knight (Orc:2)
  2 phantasmal warriors (Swamp:4)
  2 wizards
  4 deep elf pyromancers
  8 ugly things
  A will-o-the-wisp (Swamp:4)
  17 cyclopes
  2 manticores
  13 elephants
  2 molten gargoyles (Lair:5)
  10 black mambas
  A guardian serpent (Snake:1)
  A naga mage (Snake:1)
  5 cane toads
  12 komodo dragons
  An efreet (D:14)
  2 rime drakes
  5 swamp worm zombies (Swamp:4)
  2 tengu conjurers
  3 polar bears
  3 meliai (D:15)
  9 tyrant leeches
  14 trolls
  4 hydra zombies (Swamp:4)
  2 bloated husks
  6 hornets
  Prince Ribbit (D:8)
  5 alligator zombies (Swamp:4)
  12 blink frogs
  6 dream sheep (Lair:3)
  4 spectral swamp dragons (Swamp:4)
  2 centaur simulacra
  Sigmund (D:3)
  A fire elemental (D:14)
  19 yaks
  3 hogs (Snake:1)
  6 wyverns
  4 basilisks
  19 vampire mosquitoes
  4 steam dragons
  A warg (Orc:2)
  15 swamp worms
  6 acid dragons
  2 nagas
  16 water moccasins
  An acid dragon (shapeshifter) (D:15)
  7 hell hounds
  23 orc warriors
  3 sky beasts
  A black bear (D:5)
  3 swamp dragon zombies (Swamp:4)
  19 wolves
  12 centaurs
  23 ogres
  A kobold brigand (D:11)
  8 phantoms
  9 bullfrogs
  A gnoll sergeant (Orc:1)
  A scorpion (D:8)
  A necrophage (D:7)
  13 wights
  2 troll zombies (D:9)
  11 killer bees
  2 electric eels
  8 howler monkeys
  5 lava snakes (Lair:5)
  4 jellies
  A gnoll bouda (D:7)
  11 hounds
  19 orc priests
  Jessica (D:3)
  8 iguanas
  18 orc wizards
  2 spectral swamp drakes (Swamp:4)
  6 ogre zombies (D:9)
  6 adders
  11 gnolls
  A swamp drake zombie (Swamp:4)
  A shadow imp (D:7)
  3 white imps
  2 ufetubi
  2 worms
  A dart slug (D:1)
  96 orcs
  6 ball pythons
  6 bats
  7 endoplasms
  6 giant cockroaches
  9 hobgoblins
  4 jackals (D:2)
  4 quokkas
  3 training dummies (Snake:1)
  2 frilled lizards (D:1)
  14 goblins
  3 goblin skeletons
  3 goblin zombies
  2 hobgoblin skeletons (D:9)
  5 hobgoblin zombies
  11 kobolds
  9 orc skeletons
  8 orc zombies (D:9)
  8 rats
840 creatures vanquished.

Vanquished Creatures (others)
  2 bloated husks (Swamp:4)
  3 phantoms (Swamp:4)
  6 bushes (D:9)
  10 fungi
  30 plants
51 creatures vanquished.

Grand Total: 891 creatures vanquished

Notes
Turn   | Place    | Note
-------+----------+-------------------------------------------
     0 | D:1      | safid the Minotaur Hunter began the quest for the Orb.
     0 | D:1      | Reached XP level 1. HP: 18/18 MP: 0/0
   170 | D:1      | Reached XP level 2. HP: 26/26 MP: 1/1
   716 | D:1      | Reached skill level 5 in Ranged Weapons
   716 | D:1      | Reached XP level 3. HP: 30/31 MP: 2/2
  1212 | D:2      | Reached XP level 4. HP: 40/40 MP: 3/3
  1242 | D:2      | Found a faded altar of an unknown god.
  1713 | D:3      | Found a glowing silver altar of Zin.
  1965 | D:3      | Found a glowing golden altar of the Shining One.
  1975 | D:3      | Reached XP level 5. HP: 32/47 MP: 4/4
  2227 | D:3      | Found a broken altar of Ashenzari.
  2331 | D:3      | Found a sparkling altar of Nemelex Xobeh.
  2408 | D:3      | Found a basalt altar of Yredelemnul.
  2408 | D:3      | Found an opulent altar of Gozag.
  2424 | D:3      | Noticed Sigmund
  2437 | D:3      | Gained mutation: Your spells are a little harder to cast,
                  | but a little more powerful. [potion of mutation]
  2437 | D:3      | Gained mutation: Your mind is acute. (Int +4, Str/Dex -1)
                  | [potion of mutation]
  2441 | D:3      | Killed Sigmund
  2442 | D:3      | Reached skill level 5 in Fighting
  2442 | D:3      | Reached skill level 6 in Ranged Weapons
  2442 | D:3      | Reached XP level 6. HP: 56/57 MP: 5/5
  2442 | D:3      | Lost mutation: Your spells are a little harder to cast, but
                  | a little more powerful. [potion of mutation]
  2442 | D:3      | Lost mutation: Your mind is acute. (Int +4, Str/Dex -1)
                  | [potion of mutation]
  2442 | D:3      | Gained mutation: You are partially covered in iridescent
                  | scales. (AC +2) [potion of mutation]
  2442 | D:3      | Gained mutation: You are mostly covered in iridescent
                  | scales. (AC +4) [potion of mutation]
  2569 | D:3      | Noticed Jessica
  2572 | D:3      | Killed Jessica
  3155 | D:4      | Reached skill level 7 in Ranged Weapons
  3161 | D:4      | HP: 2/58 [orc wizard/puff of flame (7)]
  3752 | D:5      | Entered Level 5 of the Dungeon
  3759 | D:5      | Reached XP level 7. HP: 64/64 MP: 6/6
  4247 | D:5      | Reached skill level 8 in Ranged Weapons
  4846 | D:6      | Reached XP level 8. HP: 74/74 MP: 7/7
  4856 | D:6      | Reached skill level 9 in Ranged Weapons
  5001 | D:6      | Reached skill level 10 in Ranged Weapons
  5191 | D:6      | Found a staircase to the Ecumenical Temple.
  5222 | Temple   | Entered the Ecumenical Temple
  5338 | Temple   | Became a worshipper of Warmaster Okawaru
  5703 | D:6      | Reached skill level 11 in Ranged Weapons
  6146 | D:7      | Reached * piety under Okawaru
  6147 | D:7      | Reached XP level 9. HP: 50/81 MP: 8/8
  6300 | D:7      | Found an ornate altar of the Wu Jian Council.
  6437 | D:7      | Reached skill level 12 in Ranged Weapons
  6499 | D:7      | Found a shimmering blue altar of Sif Muna.
  6871 | D:7      | Reached skill level 13 in Ranged Weapons
  6893 | D:7      | Reached ** piety under Okawaru
  7411 | D:7      | Noticed a cyclops
  7412 | D:7      | Noticed a cyclops
  7432 | D:7      | Killed a cyclops
  7433 | D:7      | Reached skill level 14 in Ranged Weapons
  7451 | D:7      | Killed a cyclops
  7452 | D:7      | Reached XP level 10. HP: 63/88 MP: 9/9
  7789 | D:7      | Reached *** piety under Okawaru
  8035 | D:8      | Reached skill level 15 in Ranged Weapons
  8442 | D:8      | Found a bloodstained altar of Trog.
  8469 | D:8      | Received a gift from Okawaru
  9140 | D:8      | Noticed Prince Ribbit
  9155 | D:8      | Killed Prince Ribbit
  9168 | D:8      | Noticed Amaemon
  9494 | D:9      | Reached skill level 16 in Ranged Weapons
  9506 | D:9      | Reached skill level 1 in Armour
  9511 | D:9      | Reached skill level 1 in Invocations
  9533 | D:8      | Reached **** piety under Okawaru
  9722 | D:8      | Noticed an orange demon
  9998 | D:9      | Identified a scroll of acquirement
  9999 | D:9      | Acquired the +9 arbalest "Diyrph" {elec, rC+ Will+ Dex+4
                  | Stlth-}
 10021 | D:9      | Found Ahethrole's Distillery.
 10050 | D:9      | Bought a potion of heal wounds for 75 gold pieces
 10050 | D:9      | Bought a potion of curing for 45 gold pieces
 10050 | D:9      | Bought a potion of heal wounds for 75 gold pieces
 10050 | D:9      | Bought a potion of invisibility for 120 gold pieces
 10079 | D:9      | Found a staircase to the Lair.
 10256 | D:9      | Found a staircase to the Orcish Mines.
 10682 | D:9      | Found a stormy altar of Qazlal.
 10795 | Lair:1   | Entered Level 1 of the Lair of Beasts
 10815 | Lair:1   | Reached XP level 11. HP: 94/94 MP: 12/12
 10837 | Lair:1   | Learned a level 2 spell: Blink
 10882 | Lair:1   | Noticed Gastronok
 10892 | Lair:1   | Killed Gastronok
 10893 | Lair:1   | Reached skill level 1 in Translocations
 11042 | Lair:1   | Noticed a seven-headed hydra
 11048 | Lair:1   | Killed a seven-headed hydra
 11048 | Lair:1   | Reached ***** piety under Okawaru
 11049 | Lair:1   | Reached skill level 5 in Armour
 11828 | Lair:2   | Received a gift from Okawaru
 12016 | Lair:2   | Reached skill level 17 in Ranged Weapons
 12016 | Lair:2   | Reached skill level 5 in Invocations
 12293 | Lair:2   | Found a staircase to the Snake Pit.
 12488 | Lair:2   | Identified the +1 ring mail of Past Mistakes {rPois rF++
                  | Str-5 Dex+4}
 12935 | Lair:3   | Found a staircase to the Swamp.
 12936 | Lair:3   | Noticed a bog body
 12937 | Lair:3   | Noticed a bog body
 12939 | Lair:3   | Killed a bog body
 12945 | Lair:3   | Killed a bog body
 12946 | Lair:3   | Reached XP level 12. HP: 86/101 MP: 15/15
 13359 | Lair:3   | Reached skill level 18 in Ranged Weapons
 13701 | Lair:3   | Found an ornate altar of the Wu Jian Council.
 13701 | Lair:3   | Found a hide-covered altar of Uskayaw.
 13701 | Lair:3   | Noticed a boulder beetle
 13707 | Lair:3   | Killed a boulder beetle
 14087 | Lair:4   | Identified the +1 pair of boots of the Sea {-Tele rElec
                  | rPois rF+ SInv} (Okawaru gifted it to you on level 4 of the
                  | Lair of Beasts)
 14087 | Lair:4   | Received a gift from Okawaru
 14088 | Lair:4   | Noticed a six-headed hydra
 14094 | Lair:4   | Killed a six-headed hydra
 14095 | Lair:4   | Reached skill level 5 in Translocations
 14458 | Lair:4   | Found a viscous altar of Jiyva.
 14459 | Lair:4   | Found a staircase to the Slime Pits.
 14574 | Lair:5   | Entered Level 5 of the Lair of Beasts
 14891 | Lair:5   | Noticed a catoblepas
 14909 | Lair:5   | Killed a catoblepas
 15102 | Lair:5   | Reached XP level 13. HP: 99/107 MP: 11/18
 15370 | Lair:5   | Found a large runed translucent door.
 15370 | Lair:5   | Found a large runed translucent door.
 15527 | Lair:5   | Noticed a fire dragon
 15617 | Lair:5   | Reached ****** piety under Okawaru
 15660 | Lair:5   | Identified the +3 cloak of Magic {Int+6 Dex+4} (Okawaru
                  | gifted it to you on level 5 of the Lair of Beasts)
 15660 | Lair:5   | Received a gift from Okawaru
 16643 | Orc:1    | Entered Level 1 of the Orcish Mines
 16740 | Orc:1    | Reached skill level 10 in Fighting
 17820 | Orc:2    | Entered Level 2 of the Orcish Mines
 17846 | Orc:2    | Found a staircase to the Elven Halls.
 18159 | Orc:2    | Noticed an orc warlord
 18174 | Orc:2    | Killed an orc warlord
 18174 | Orc:2    | Received a gift from Okawaru
 18523 | Orc:2    | Found Suf Basu's Distillery.
 18544 | Orc:2    | Reached skill level 10 in Armour
 18544 | Orc:2    | Reached XP level 14. HP: 124/124 MP: 13/19
 18566 | Orc:2    | Identified the +1 pair of gloves of Okawaru's Benevolence
                  | {rN+} (Okawaru gifted it to you on level 2 of the Orcish
                  | Mines)
 18566 | Orc:2    | Received a gift from Okawaru
 18621 | Orc:2    | Found Moigyagu's Antique Weapon Emporium.
 18633 | Orc:2    | Found Zuynuys's Weapon Emporium.
 18637 | Orc:2    | Found Onex's Assorted Antiques.
 18639 | Orc:2    | Bought a potion of curing for 42 gold pieces
 18639 | Orc:2    | Bought a potion of heal wounds for 70 gold pieces
 18639 | Orc:2    | Bought a potion of curing for 42 gold pieces
 19105 | D:10     | Entered Level 10 of the Dungeon
 19172 | D:10     | Found a sacrificial altar of Ru.
 19451 | D:10     | Found a blossoming altar of Fedhas.
 19659 | D:10     | Found a radiant altar of Vehumet.
 19737 | D:10     | Found a hide-covered altar of Uskayaw.
 19852 | D:10     | Identified the +2 mace of Equilibrium {protect, +Blink rF-
                  | rCorr}
 19890 | D:10     | Found a hazy altar of Hepliaklqana.
 20284 | D:11     | Reached skill level 19 in Ranged Weapons
 20288 | D:11     | Found an iron altar of Okawaru.
 21331 | D:13     | Reached skill level 5 in Dodging
 21332 | D:13     | Received a gift from Okawaru
 21358 | D:13     | Identified the +0 animal skin "Zesau" {Will+ Stlth+}
                  | (Okawaru gifted it to you on level 13 of the Dungeon)
 21358 | D:13     | Received a gift from Okawaru
 21418 | D:13     | Found a gate to the Vaults.
 21496 | D:13     | Found a viscous altar of Jiyva.
 22054 | D:14     | Noticed Azrael
 22154 | D:14     | Killed Azrael
 22222 | D:14     | Reached XP level 15. HP: 132/132 MP: 21/21
 22305 | D:14     | Reached skill level 1 in Spellcasting
 22310 | D:14     | Reached skill level 10 in Invocations
 22918 | D:15     | Entered Level 15 of the Dungeon
 22966 | D:15     | Reached skill level 20 in Ranged Weapons
 23062 | D:15     | Found a radiant altar of Vehumet.
 23117 | D:15     | Found Pienur's Armour Emporium.
 23129 | D:15     | Noticed Rupert
 23135 | D:15     | Killed Rupert
 23344 | D:15     | Found a staircase to the Depths.
 23482 | D:15     | Received a gift from Okawaru
 23891 | Swamp:1  | Entered Level 1 of the Swamp
 23904 | Lair:3   | Acquired 1341 gold pieces
 23906 | Lair:3   | Acquired 1051 gold pieces
 23971 | Swamp:1  | Noticed Roxanne
 23989 | Swamp:1  | Killed Roxanne
 24124 | Swamp:1  | Noticed Donald
 24139 | Swamp:1  | Killed Donald
 24622 | Swamp:2  | Received a gift from Okawaru
 24656 | Swamp:2  | Reached XP level 16. HP: 139/139 MP: 23/23
 24705 | Swamp:2  | Reached XP level 17. HP: 146/146 MP: 24/24
 25479 | Swamp:3  | Noticed a tentacled monstrosity
 25488 | Swamp:3  | Killed a tentacled monstrosity
 25489 | Swamp:3  | Reached skill level 10 in Dodging
 25690 | Swamp:4  | Entered Level 4 of the Swamp
 25707 | Swamp:4  | Reached skill level 21 in Ranged Weapons
 26002 | Swamp:4  | Identified the +1 pair of gloves "Nuustrotu" {rC+ Dex+4}
                  | (Okawaru gifted it to you on level 4 of the Swamp)
 26002 | Swamp:4  | Received a gift from Okawaru
 26495 | Swamp:4  | Noticed a bone dragon
 26521 | Swamp:4  | Killed a bone dragon
 26590 | Swamp:4  | Got a decaying rune of Zot
 26867 | Snake:1  | Entered Level 1 of the Snake Pit
 26877 | Snake:1  | Found Bohudig's Firing Range.
 26892 | Snake:1  | Bought a manual of Ranged Weapons for 1200 gold pieces
 26936 | Snake:1  | Noticed Aizul
 26948 | Snake:1  | Killed Aizul
 27078 | Snake:1  | Noticed Kirke
 27084 | Snake:1  | Killed Kirke
 27093 | Snake:1  | Slain by a naga warrior

Illustrated notes

Levels and vault maps discovered:
D:1:      scummos_arrival_gate, layout_basic, dreamdust_princess_bridge,
          st_stairs_3, chequers_serial_rivers_small_b,
          minmay_misc_feat_more_columns
D:2:      layout_basic, basic_ecumenical_altar
D:3:      layout_basic, lemuel_crystal_altar, nemelex_diamond_rough_becter,
          mainiacjoe_overflow_paths, nicolae_tso_besieged_by_evil,
          nicolae_overflow_two_pavilions, minmay_circle_x, uniq_sigmund,
          uniq_jessica
D:4:      layout_basic
D:5:      layout_basic, kennysheep_small_square
D:6:      layout_rooms, temple_pool_b
D:7:      wad_guarded_room, layout_basic, lemuel_coloured_pillars_altar,
          mainiacjoe_overflow_alcove_2, chequers_serial_rivers_small_a,
          nicolae_figureground_pulse
D:8:      layout_cave_pods, trog_butcher_becter, uniq_prince_ribbit1,
          uniq_amaemon
D:9:      minmay_klotski, layout_long_grid, kennysheep_little_box,
          erik_lair_island, zombieorc2_lemuel, serial_shops,
          nicolae_lakefront_shop, minivault_5, moated_statue
D:10:     layout_roguey, nicolae_hepliaklqana_hippocampus, fedhas_altar_4,
          mainiacjoe_overflow_big_doors, mainiacjoe_overflow_24_doors
D:11:     layout_basic, okawaru_trees_2
D:12:     layout_layer_cave, chequers_serial_rivers_micro_b
D:13:     layout_gridville, david_vaults_5, jiyva_altar_1
D:14:     kennysheep_blocky_room, layout_irregular_city,
          kennysheep_small_spiral, uniq_azrael
D:15:     grunt_enter_depths_snipers, layout_cave_pools, serial_shops, shop,
          vehumet_crystals, minivault_11, uniq_rupert
Temple:   hellmonk_temple_beads
Lair:1:   layout_gridlike, serial_bayou_crossing, uniq_gastronok
Lair:2:   layout_cave_pods, guppyfry_snake_entry_island
Lair:3:   layout_small_grid, skrybe_swamp_entry_bodies,
          nzn_masters_of_martial_movement, serial_bayou_shore_b,
          infiniplex_staircase_pool, grunt_megastairs_5
Lair:4:   layout_roguey, slime_entry_1, infiniplex_staircase_pool_2
Lair:5:   cheibrodos_lair_end_hotspot, layout_cave_pods,
          chequers_serial_rivers_marsh, serial_bayou_shore_a
Swamp:1:  layout_falls_marsh, nicolae_swamp_round_clearing, swamp_pool2,
          nicolae_swamp_little_tower, uniq_roxanne, uniq_donald
Swamp:2:  layout_basic_swamp, evilmike_swamp_ruin_house_1
Swamp:3:  cheibrodos_swamp_heart_of_darkness, layout_falls_marsh,
          evilmike_swamp_ruin_rubble_2
Swamp:4:  swamp_pestilence, layout_basic_swamp
Snake:1:  layout_honeycomb, nicolae_snake_gridmaze_swirls,
          nicolae_shop_firing_range, uniq_aizul, uniq_jorgrun, uniq_kirke
Orc:1:    minmay_goldmine, layout_caves
Orc:2:    st_orc_open, layout_caves, hellmonk_guarded_unrand_dark_maul

Skill      XL: |  1  2  3  4  5  6  7  8  9 10 11 12 13 14 15 16 17 |
---------------+----------------------------------------------------+-----
Fighting       | 3 4 5 6 8 11 12 | 12.2
Ranged Weapons | 5 6 7 8 11 14 16 17 18 19 20 21 | 21.8
Armour         | 4 6 10 11 12 | 12.0
Invocations    | 3 5 9 11 12 | 12.0
Dodging        | 4 6 8 9 12 | 12.0
Translocations | 3 6 8 |  8.0
Spellcasting   | 3 4 |  4.2
Stealth        | |  0.7

Action                   |  1- 3 |  4- 6 |  7- 9 | 10-12 | 13-15 | 16-18 || total
-------------------------+-------+-------+-------+-------+-------+-------++-------
Melee: Shortbow          |       |     1 |     1 |       |       |       ||     2
       Headbutt          |       |     1 |       |       |       |       ||     1
 Fire: Shortbow          |    77 |   201 |   416 |   254 |       |       ||   948
       Arbalest          |       |       |       |   341 |   902 |   361 ||  1604
 Cast: Blink             |       |       |       |       |     1 |       ||     1
Invok: Heroism           |       |       |     2 |     4 |     9 |       ||    15
       Finesse           |       |       |       |     3 |    13 |     4 ||    20
  Use: Potion            |       |     4 |     6 |       |       |    11 ||    21
       Scroll            |       |       |     8 |    10 |     5 |     5 ||    28
Armor: Leather armour    |     8 |     6 |       |       |       |       ||    14
       Scale mail        |       |    49 |   129 |   147 |   185 |   188 ||   698
       Skin              |       |       |     8 |       |       |       ||     8
Dodge: Dodged            |    17 |    49 |   113 |   185 |   311 |   302 ||   977
Block: Other             |       |     5 |    59 |    77 |    34 |       ||   175
       Reflection        |       |       |     1 |     1 |     1 |       ||     3
